 Dungeon Crawl Stone Soup version 0.18-a0-1311-g779ca93 (webtiles) character file.

3584 Duffy the Blocker (level 10, 0/74 HPs)
             Began as a Formicid Fighter on Feb 13, 2016.
             Was an Initiate of Cheibriados.
             Slain by a killer bee (6 damage)
             ... on level 8 of the Dungeon.
             The game lasted 00:07:55 (6808 turns).

Duffy the Blocker (Formicid Fighter)                Turns: 6808, Time: 00:07:55

Health: 0/74       AC: 14    Str: 24    XL:     10   Next: 31%
Magic:  10/10      EV:  8    Int: 10    God:    Cheibriados [......]
Gold:   600        SH: 12    Dex: 11    Spells: 0 memorised, 9 levels left

rFire  . . .     SeeInvis +     Q - +3 battleaxe
rCold  . . .     Gourm    .     M - +0 plate armour
rNeg   . . .     Faith    .     c - +0 shield
rPois  .         Spirit   .     (helmet unavailable)
rElec  .         Dismiss  .     t - +0 cloak
rCorr  .         Reflect  .     (no gloves)
SustAt .         Harm     .     i - +0 pair of boots
MR     +....                    m - amulet of regeneration
Stlth  ..........               D - +2 ring of evasion
                                y - ring of wizardry

@: lethally poisoned (0 -> -1), very slow, somewhat resistant to hostile
enchantments, extremely unstealthy
A: permanent stasis, dig shafts and tunnels, four strong arms, antennae 3
a: Dig, Shaft Self, Bend Time, Renounce Religion


You were on level 8 of the Dungeon.
You worshipped Cheibriados.
Cheibriados was noncommittal.
You were very hungry.

You visited 2 branches of the dungeon, and saw 9 of its levels.

You collected 600 gold pieces.


Innate Abilities, Weirdness & Mutations

You are under a permanent stasis effect.
You can dig through walls and to a lower floor.
Your four strong arms can wield two-handed weapons with a shield.
You have a pair of large antennae on your head (SInv).


   Skills:
 + Level 5.0 Fighting
 * Level 10.1 Axes
 + Level 5.0 Armour
 - Level 11.0 Shields


You had 9 spell levels left.
You didn't know any spells.

Inventory:

Hand Weapons
 a - a +0 war axe
 E - a +0 dire flail of crushing
 Q - a +3 battleaxe (weapon)
Missiles
 C - 22 poisoned needles
Armour
 b - a +0 scale mail
 c - a +0 shield (worn)
 i - a +0 pair of boots (worn)
 t - a +0 cloak (worn)
 A - a +0 chain mail
 M - a +0 plate armour (worn)
Jewellery
 m - an amulet of regeneration (around neck)
 r - an uncursed ring of fire
 y - a ring of wizardry (left hand)
 D - a +2 ring of evasion (right hand)
 I - an uncursed ring of fire
 J - an uncursed amulet of dismissal
 L - a cursed ring of loudness {unknown}
 O - a cursed ring of loudness {unknown}
Wands
 v - a wand of slowing (19/48)
 T - a wand of heal wounds (4/9)
Scrolls
 g - 2 scrolls of teleportation {unknown}
 h - 6 scrolls of remove curse {unknown}
 j - 3 scrolls of noise {unknown}
 l - 2 scrolls of recharging {unknown}
 n - 9 scrolls of identify {unknown}
 s - a scroll of immolation {unknown}
 u - 2 scrolls of fear {unknown}
 B - a scroll of enchant weapon {unknown}
 F - a scroll of random uselessness {unknown}
 K - a scroll of amnesia {unknown}
 V - a scroll of magic mapping {unknown}
Potions
 d - a potion of might
 e - 3 potions of lignification {unknown}
 k - 4 potions of curing
 o - 2 potions of flight {unknown}
 p - 2 potions of agility
 q - 2 potions of ambrosia {unknown}
 w - 3 potions of brilliance {unknown}
 x - a potion of degeneration {unknown}
 G - a potion of resistance {unknown}
 H - 2 potions of invisibility {unknown}
 P - a potion of cure mutation {unknown}
Books
 N - a book of Geomancy
Comestibles
 f - 8 bread rations
 z - 3 beef jerkies
 S - a meat ration
 U - a slice of pizza

Dungeon Overview and Level Annotations

Branches:
Dungeon (8/15)             Temple (1/1) D:7
   Lair: D:8-11

Altars:
Ashenzari
Cheibriados
Dithmenos
Elyvilon
Fedhas
Gozag
Kikubaaqudgha
Makhleb
Nemelex Xobeh
Okawaru
Pakellas
Qazlal
Ru
Sif Muna
Trog
Vehumet
Xom
Yredelemnul
The Shining One

Shops:
D:4 *   D:7 [   D:8 =


Message History

The killer bee stings you but does no damage.
The killer bee stings you!
You barely miss the killer bee.
The killer bee is moderately wounded.
You feel sick. The killer bee stings you. You block the killer bee's attack.
The killer bee stings you but does no damage.
You barely miss the killer bee.
The killer bee is moderately wounded.
You feel sick. The killer bee stings you. You block the killer bee's attack.
You miss the killer bee.
The killer bee is moderately wounded.
You feel sick.
The killer bee stings you but does no damage.
The killer bee barely misses you.
You miss the killer bee.
The killer bee is moderately wounded.
You feel sick. The killer bee barely misses you.
You block the killer bee's attack. The killer bee stings you.
You are more poisoned.
The killer bee poisons you!
You miss the killer bee.
The killer bee is moderately wounded.
You feel sick. You block the killer bee's attack.
The killer bee barely misses you.
You hit the killer bee.
The killer bee is severely wounded.
You feel sick. You block the killer bee's attack.
The killer bee stings you but does no damage.
The killer bee stings you.
You miss the killer bee.
The killer bee is severely wounded.
You feel sick.
The killer bee stings you but does no damage.
The killer bee stings you.
You die...

.....................#.#
.....................#.#
........................
........................
......{.................
.........y..............
######.###.<...........
##y##.............
#@###............. ###
##............
##########... #... #...
####


You could see a killer bee.

Action                   |  1- 3 |  4- 6 |  7- 9 | 10-12 || total
-------------------------+-------+-------+-------+-------++-------
Melee: War axe           |   121 |   148 |   393 |    68 ||   730
       Battleaxe         |       |       |       |    76 ||    76
 Abil: Dig               |     2 |     2 |     4 |     2 ||    10
  Eat: Chunk             |       |     6 |    11 |     4 ||    21

Notes
Turn   | Place    | Note
--------------------------------------------------------------
     0 | D:1      | Duffy the Formicid Fighter began the quest for the Orb.
     0 | D:1      | Reached XP level 1. HP: 18/18 MP: 1/1
    70 | D:1      | Reached XP level 2. HP: 21/24 MP: 2/2
   141 | D:1      | Reached skill level 4 in Shields
   329 | D:1      | Reached XP level 3. HP: 29/29 MP: 3/3
  1012 | D:2      | Reached skill level 3 in Axes
  1036 | D:2      | Reached XP level 4. HP: 35/35 MP: 4/4
  1214 | D:2      | Reached skill level 5 in Shields
  1240 | D:2      | Reached XP level 5. HP: 38/41 MP: 5/5
  1836 | D:2      | Found an oddly glowing altar of Pakellas.
  1837 | D:2      | Noticed a fire dragon
  1851 | D:2      | Killed a fire dragon
  2063 | D:3      | Reached skill level 4 in Axes
  2094 | D:3      | Noticed a sky beast
  2113 | D:2      | Killed a sky beast
  2113 | D:2      | Reached skill level 6 in Shields
  2113 | D:2      | Reached XP level 6. HP: 47/47 MP: 6/6
  2119 | D:3      | Noticed Jessica
  2139 | D:3      | Killed Jessica
  2237 | D:3      | Noticed Grinder
  2252 | D:3      | Killed Grinder
  2252 | D:3      | Reached skill level 5 in Axes
  2252 | D:3      | Reached skill level 7 in Shields
  2252 | D:3      | Reached XP level 7. HP: 39/52 MP: 7/7
  2394 | D:3      | Noticed Robin
  2399 | D:3      | Killed Robin
  2537 | D:3      | Found a burning altar of Makhleb.
  2538 | D:3      | Found a shimmering altar of Xom.
  2592 | D:3      | Noticed Sigmund
  2601 | D:3      | Killed Sigmund
  2601 | D:3      | Reached skill level 6 in Axes
  2601 | D:3      | Reached skill level 8 in Shields
  2601 | D:3      | Reached XP level 8. HP: 49/58 MP: 8/8
  2785 | D:4      | Noticed Menkaure
  2792 | D:4      | Killed Menkaure
  2963 | D:4      | Found an opulent altar of Gozag.
  2965 | D:4      | Found Gozag's Platinum Reserve.
  3259 | D:4      | Reached skill level 9 in Shields
  3287 | D:4      | Noticed Dowan
  3288 | D:4      | Noticed Duvessa
  3314 | D:4      | Killed Duvessa
  3314 | D:4      | Reached skill level 7 in Axes
  3327 | D:4      | Killed Dowan
  3388 | D:4      | Noticed Blork the orc
  3397 | D:4      | Killed Blork the orc
  3450 | D:4      | Noticed Eustachio
  3482 | D:4      | Killed Eustachio
  3482 | D:4      | Reached XP level 9. HP: 45/64 MP: 9/9
  3878 | D:4      | Found a deep blue altar of Sif Muna.
  3929 | D:4      | Reached skill level 10 in Shields
  3938 | D:4      | Identified Sif Muna's Papyrus of Good Luck (You found it on level 4 of the Dungeon)
  4033 | D:5      | Entered Level 5 of the Dungeon
  4060 | D:5      | Noticed Pikel
  4096 | D:5      | Killed Pikel
  4096 | D:5      | Reached skill level 8 in Axes
  4228 | D:5      | Found a bloodstained altar of Trog.
  4614 | D:5      | Reached skill level 11 in Shields
  4982 | D:6      | Reached skill level 9 in Axes
  5281 | D:6      | Reached skill level 4 in Fighting
  5461 | D:6      | Reached XP level 10. HP: 68/71 MP: 10/10
  5468 | D:6      | Reached skill level 4 in Armour
  5738 | D:7      | Found Doluutywn's Armour Emporium.
  5899 | D:7      | Found a stormy altar of Qazlal.
  6174 | D:7      | Found a staircase to the Ecumenical Temple.
  6180 | Temple   | Entered the Ecumenical Temple
  6266 | Temple   | Became a worshipper of Cheibriados the Contemplative
  6455 | D:8      | Reached skill level 10 in Axes
  6509 | D:8      | Found Jojariuq's Jewellery Shop.
  6780 | D:8      | Reached skill level 5 in Fighting
  6785 | D:8      | Reached skill level 5 in Armour
  6808 | D:8      | Slain by a killer bee

Vault maps used:
D:1:      shiori_arrival_elements
D:2:      gammafunk_pakellas_spire_experiment, minmay_goblin_outpost
D:3:      grunt_temple_overflow_champion_of_chaos, first_bread, uniq_grinder,
          uniq_robin, uniq_sigmund, uniq_jessica
D:4:      nicolae_gozag_zags_fifth_avenue, led_sif_book,
          kennysheep_generic_room_10, uniq_duvessa, uniq_blork_the_orc,
          uniq_eustachio, uniq_menkaure
D:5:      bloody_trog, uniq_pikel
D:7:      nicolae_qazlal_general_emergency, temple_green, serial_shops,
          nicolae_shop_behind_doors, minmay_gold_behind_fungi
D:8:      lair_0_dummy, serial_shops, nicolae_shop_trees
Temple:   jpeg_temple_clearing_12

Vanquished Creatures
  A fire dragon Pikel Grinder Sigmund Eustachio Menkaure Duvessa
  4 slaves
  2 ice beasts
  An ogre
  2 sky beasts
  A phantom
  A crocodile Blork the orc
  3 giant frogs Dowan
  A wyvern skeleton
  A scorpion
  4 killer bees
  4 wights
  2 crimson imps
  A giant frog zombie
  7 orc wizards
  2 orc priests
  2 hounds
  2 jellies Jessica
  3 iguanas
  4 worker ants Robin
  12 gnolls
  8 adders
  3 adder zombies
  5 giant geckos
  12 orcs
  7 bats
  6 giant cockroaches
  20 goblins
  15 hobgoblins
  19 jackals
  10 kobolds
  2 quokkas
  3 ball pythons
  A giant gecko skeleton
  3 giant newts
  A jackal skeleton
  7 rats
  A bush
  2 fungi
195 creatures vanquished.
